 Dungeon Crawl Stone Soup version 0.30-a0-883-g5ad918d77d (webtiles) character file.

Game seed: 8048292411286317173

780 gelatine the Chopper (level 7, -5/50 (52) HPs)
             Began as a Demonspawn Gladiator on Mar 18, 2023.
             Slain by a gnoll
             ... wielding a +0 halberd
              (6 damage)
             ... on level 3 of the Dungeon.
             The game lasted 00:08:29 (3108 turns).

gelatine the Chopper (Demonspawn Gladiator)         Turns: 3108, Time: 00:08:30

HP:   -5/50 (52)    AC:  8    Str: 23    XL:     7   Next: 55%
MP:   7/7           EV: 13    Int:  9    God:
Gold: 160           SH:  0    Dex: 14    Spells: 6/6 levels left

rFire   . . .      SeeInvis .    a - +0 war axe
rCold   . . .      Faith    .    (no shield)
rNeg    . . .      Spirit   .    t - +2 robe {Will+}
rPois   .          Reflect  .    c - +0 helmet
rElec   .          Rampage  .    (no cloak)
rCorr   .                        k - +0 pair of gloves
Will    +....                    (no boots)
Stlth   ++                       (no amulet)
HPRegen 0.28/turn                h - +6 ring of strength
MPRegen 0.10/turn                (no ring)

@: mighty, lightly drained
A: yellow scales 1, powered by death 2
a: no special abilities


You were on level 3 of the Dungeon.
You visited 1 branch of the dungeon, and saw 3 of its levels.

You collected 160 gold pieces.

Inventory:

Hand Weapons
 a - a +0 war axe (weapon)
Missiles
 g - a poisoned dart
 w - a stone (quivered)
 y - a javelin
Armour
 b - a +0 leather armour
 c - a +0 helmet (worn)
 k - a +0 pair of gloves (worn)
 t - a +2 robe of willpower (worn)
Jewellery
 e - an amulet of reflection
 h - a +6 ring of strength (left hand)
Wands
 v - a wand of charming (6)
Scrolls
 d - 2 scrolls of enchant weapon {unknown}
 f - 4 scrolls of identify {unknown}
 i - 3 scrolls of teleportation {unknown}
 j - 2 scrolls of immolation {unknown}
 m - a scroll of magic mapping {unknown}
 n - 2 scrolls of amnesia {unknown}
 q - a scroll of silence {unknown}
 r - 2 scrolls of noise {unknown}
Potions
 l - a potion of curing
 o - a potion of flight {unknown}
 p - a potion of magic {unknown}
 s - a potion of might
 u - a potion of mutation {unknown}


   Skills:
 + Level 3.6 Fighting
 + Level 5.5 Axes
 + Level 4.1 Throwing
 + Level 1.5 Armour
 + Level 4.0 Dodging
 + Level 1.1 Stealth


You had 6 spell levels left.
You didn't know any spells.
Your spell library contained the following spells:

 Spells                   Type           Power      Damage    Failure   Level
 Beastly Appendage        Tmut           0%         N/A       38%         1
 Sandblast                Erth           0%         2d4       38%         1
 Wereblood                Tmut           0%         N/A       52%         2
 Portal Projectile        Hex/Tloc       0%         N/A       77%         3
 Spider Form              Tmut/Pois      0%         N/A       77%         3
 Discord                  Hex            0%         N/A       100%        8


Dungeon Overview and Level Annotations

Branches:
Dungeon (3/15)

Altars:
Hepliaklqana
Trog


Innate Abilities, Weirdness & Mutations

You are partially covered in yellow scales. (AC +2)
You regenerate health from kills.


Message History

The gnoll bouda barks out a call to the hunt!
The gnoll picks up the pace!
The orc hits you but does no damage. The gnoll closely misses you.
The gnoll barely misses you.
The orc hits you from afar with a +0 trident.
The gnoll bouda hits you with a +0 club.
The gnoll closely misses you. The gnoll hits you but does no damage.
There is a large open door here.
You barely miss the gnoll.
You hit the gnoll bouda but do no damage.
You barely miss the gnoll. The gnoll hits you with a +0 whip.
The gnoll hits you with a +0 halberd. The orc completely misses you.
The gnoll bouda misses you.
You closely miss the gnoll.
The gnoll is severely wounded.
You hit the gnoll but do no damage.
You hit the gnoll bouda but do no damage.
The gnoll hits you but does no damage. The gnoll misses you.
The orc hits you but does no damage. The gnoll bouda barely misses you.
The gnoll closely misses you.
You slash the gnoll!
You kill the gnoll!
You slash the gnoll bouda! You barely miss the gnoll.
The gnoll hits you with a +0 halberd!
* * * LOW HITPOINT WARNING * * *
The orc barely misses you.
The gnoll bouda hits you with a +0 club!
* * * LOW HITPOINT WARNING * * *
The gnoll barely misses you.
Your Dodging skill increases to level 4!
It was a potion of curing.
You feel better. The orc barely misses you.
The gnoll bouda hits you with a +0 club.
* * * LOW HITPOINT WARNING * * *
The gnoll closely misses you.
Unknown command.
It was a potion of might.
You feel very mighty all of a sudden. The orc closely misses you.
The gnoll bouda closely misses you. The gnoll hits you with a +0 halberd.
You die...

#....≈≈~~~~~~~~≈≈≈~~~~~~~~~~~~
#....≈≈≈≈≈≈≈≈≈≈≈≈≈≈≈≈≈≈≈~≈~≈~~
#....~≈#####~≈~~~~~~~~~~≈≈~≈~~
#....~≈#.go#..................
#...P~≈#...#'#################
#....~≈###+#....'. #...##...
#....≈≈~.# #....########....##
####.P..≈≈~.# #..)........#....#.
...#....≈≈~.#.##@g#))..)....~~...
#.##...)~~~.#..g).#...)).)..)~...
#.##....~≈~.#.o...#....)..#....#.
#.##....~≈≈.#.#####g#############
...#....≈≈~.#. #.. +...)')
#.##....≈≈≈.# #.. #...)#.
...#...P~≈### #.. #....#.
...#....~≈# #############''''##
.).#....~≈# .g#..................


You could see a gnoll bouda, a gnoll (swift) and an orc.

Vanquished Creatures
  Sigmund (D:3)
  2 kobold brigands (D:3)
  2 gnoll boudas (D:3)
  An orc priest (D:3)
  2 hounds (D:3)
  18 gnolls
  6 adders
  3 worms (D:2)
  20 orcs (D:3)
  4 bats
  7 endoplasms
  2 giant cockroaches
  A goblin (D:2)
  6 hobgoblins
  15 jackals
  4 kobolds
  2 ball pythons
  4 frilled lizards
  5 rats
105 creatures vanquished.

Vanquished Creatures (others)
  8 plants (D:3)
8 creatures vanquished.

Grand Total: 113 creatures vanquished

Notes
Turn   | Place    | Note
-------+----------+-------------------------------------------
     0 | D:1      | gelatine the Demonspawn Gladiator began the quest for the
                  | Orb.
     0 | D:1      | Reached XP level 1. HP: 16/16 MP: 1/1
   220 | D:1      | Gained mutation: You regenerate a little health from kills.
                  | [demonic ancestry]
   220 | D:1      | Reached XP level 2. HP: 22/22 MP: 2/2
   623 | D:1      | Reached skill level 3 in Axes
  1084 | D:2      | Reached XP level 3. HP: 27/27 MP: 3/3
  1106 | D:2      | Gained mutation: You are partially covered in yellow
                  | scales. (AC +2) [demonic ancestry]
  1106 | D:2      | Reached XP level 4. HP: 34/34 MP: 4/4
  1112 | D:2      | Reached skill level 1 in Armour
  1638 | D:2      | Gained mutation: You regenerate health from kills. [demonic
                  | ancestry]
  1638 | D:2      | Reached XP level 5. HP: 39/39 MP: 5/5
  1680 | D:2      | Got the Treatise on Ashen Spellbinding
  2010 | D:3      | Noticed Sigmund
  2021 | D:3      | Killed Sigmund
  2022 | D:3      | Reached skill level 4 in Axes
  2022 | D:3      | Reached XP level 6. HP: 32/46 MP: 6/6
  2165 | D:3      | Found a faded altar of an unknown god.
  2166 | D:3      | Found a hazy altar of Hepliaklqana.
  2286 | D:3      | Found a bloodstained altar of Trog.
  2326 | D:3      | Reached skill level 1 in Stealth
  2842 | D:3      | Reached XP level 7. HP: 32/52 MP: 7/7
  2960 | D:3      | Reached skill level 5 in Axes
  3106 | D:3      | HP: 1/49 [gnoll bouda/+0 club (7)]
  3108 | D:3      | Slain by a gnoll

Illustrated notes

Levels and vault maps discovered:
D:1:      shiori_arrival_oz, layout_loops_corners, nrook_mini_vaults,
          wander_ebering_terrifying_dragon_lair
D:2:      layout_loops_corners, kennysheep_doodads, hex_medium,
          minmay_box_of_dots
D:3:      lemuel_castle_with_subvaults [lemuel_castle_interior_carwin_3],
          layout_loops_ring, trog_three_pillars_becter,
          beargit_hepliaklqana_dungeon_heroes, kennysheep_boxes, uniq_sigmund

Skill      XL: |  1  2  3  4  5  6  7 |
---------------+----------------------+-----
Dodging        | 3 4 |  4.0
Axes           | 3 4 5 |  5.5
Throwing       | 2 3 4 |  4.1
Armour         | 1 |  1.5
Stealth        | 1 |  1.1
Fighting       | 3 |  3.6

Action                     |  1- 3 |  4- 6 |  7- 9 || total
---------------------------+-------+-------+-------++-------
  Melee: War axe           |    46 |   143 |    88 ||   277
         Punch             |       |     2 |     2 ||     4
  Throw: Throwing net      |     4 |     5 |     1 ||    10
         Stone             |     8 |    16 |     1 ||    25
         Dart              |     5 |    62 |    10 ||    77
         Javelin           |     1 |     8 |     2 ||    11
    Use: Potion            |       |       |     2 ||     2
   Stab: Sleeping          |     2 |     1 |       ||     3
 Armour: Leather armour    |    12 |    25 |       ||    37
         Robe              |       |    34 |    44 ||    78
  Dodge: Dodged            |    60 |   118 |   110 ||   288

Table legend: (Time is in decaauts)
 A = Elapsed time spent in this place.
 B = Non-inter-level travel time spent in this place.
 C = Inter-level travel time spent in this place.
 D = Time resting spent in this place.
 E = Time spent auto-exploring this place.
 F = Levels seen in this place.
 G = Mean time per level.
                   A        B        C        D        E       F      G
               +--------+--------+--------+--------+--------+-----+--------+
         Total |   3180 |   3120 |     60 |      0 |   2230 |   3 | 1060.0 |
       Dungeon |   3180 |   3120 |     60 |      0 |   2230 |   3 | 1060.0 |
               +--------+--------+--------+--------+--------+-----+--------+

Top non-repeatable levels by time:
     D:3: 1148 daAuts
     D:2: 1024 daAuts
     D:1: 1007 daAuts
